 Dungeon Crawl Stone Soup version 0.31-a0-986-g5e6e4ef867 (webtiles) character file.

Game seed: 1772499551322426031

3202 croobank the Caller (level 9, -10/63 HPs)
             Began as an Octopode Monk on Nov 5, 2023.
             Was a Priest of Jiyva.
             Mangled by an orc warlord
             ... wielding a +3 broad axe
              (28 damage)
             ... in a bailey.
             The game lasted 00:28:12 (6959 turns).

croobank the Caller (Octopode Monk)                 Turns: 6959, Time: 00:28:13

Health: -10/63     AC:  1    Str: 10    XL:     9   Next: 96%
Magic:  14/18      EV: 15    Int: 17    God:    Jiyva [***...]
Gold:   413        SH:  0    Dex: 14    Spells: 11/20 levels left

rFire   . . .        E - +2 dagger (elec)
rCold   . . .        c - orb {light}
rNeg    . . .        (helmet restricted)
rPois   .            (no amulet)
rElec   .            g - ring of flight
rCorr   +            (no ring)
SInv    .            (no ring)
Will    .....        (no ring)
Stlth   +            (no ring)
HPRegen 1.42/turn    (no ring)
MPRegen 0.51/turn    (no ring)
                     (no ring)

%: no passive effects
@: flying, glowing
A: almost no armour, amphibious, 8 rings, camouflage 1, gelatinous body 1,
(nimble swimmer 1), tentacles, wild magic 3, MP-powered wands
a: Renounce Religion, Oozemancy


You were in a bailey.
You worshipped Jiyva.
Jiyva was most pleased with you.
You visited 1 branch of the dungeon, and saw 7 of its levels.
You also visited: Sewer and Bailey.

You collected 413 gold pieces.

Inventory:

Hand Weapons
 a - a +1 short sword of freezing
 e - a +1 flail of draining
 m - a +2 spear of pain
 r - a +2 heavy mace
 A - a +4 quarterstaff of chaos
 E - a +2 dagger of electrocution (weapon)
 F - a +2 scimitar
Missiles
 q - 14 boomerangs (quivered)
 s - 6 atropa-tipped darts
 B - 5 curare-tipped darts
Armour
 c - an orb of light (worn)
Jewellery
 f - an amulet of reflection
 g - a ring of flight (left tentacle)
Wands
 t - a wand of digging (6)
 D - a wand of flame (16)
Scrolls
 d - 3 scrolls of blinking
 h - 2 scrolls of amnesia
 i - a scroll of fog
 o - 3 scrolls of enchant armour
 p - 3 scrolls of teleportation
 x - a scroll of silence {unknown}
 y - a scroll of noise {unknown}
Potions
 b - 3 potions of brilliance
 j - 2 potions of might
 k - a potion of resistance
 l - 2 potions of heal wounds
 n - a potion of berserk rage
 u - a potion of cancellation
 v - a potion of mutation
 w - 2 potions of magic
 z - a potion of enlightenment
 C - a potion of curing
 G - 2 potions of invisibility {unknown}


   Skills:
 + Level 6.3 Fighting
 + Level 6.2 Short Blades
 + Level 6.1 Dodging
 * Level 6.2 Spellcasting
 * Level 6.8 Summonings


You had 11 spell levels left.
You knew the following spells:

 Your Spells              Type           Power      Damage    Failure   Level
a - Summon Small Mammal   Summ           100%       N/A       6%          1
b - Call Imp              Summ           100%       N/A       7%          2
c - Call Canine Familiar  Summ           53%        N/A       11%         3
d - Summon Guardian Gole  Hex/Summ       32%        N/A       28%         3

Your spell library contained the following spells:

 Spells                   Type           Power      Damage    Failure   Level
 Freeze                   Ice            40%        1d6       34%         1
 Magic Dart               Conj           40%        1d5       34%         1
 Ensorcelled Hibernation  Hex/Ice        20%        N/A       43%         2
 Passwall                 Tmut/Erth      8%         N/A       43%         2
 Frozen Ramparts          Ice            20%        1d4       63%         3
 Hailstorm                Conj/Ice       10%        3d5       63%         3
 Mephitic Cloud           Conj/Pois/Air  10%        N/A       63%         3
 Swiftness                Air            10%        N/A       63%         3
 Petrify                  Tmut/Erth      10%        N/A       92%         4
 Metabolic Englaciation   Hex/Ice        5%         N/A       99%         5


Dungeon Overview and Level Annotations

Branches:
Dungeon (7/15)             Temple (0/1) D:5           Sewer (visited)
 Bailey (1/1)

Altars:
Cheibriados
Gozag
Wu Jian
Zin


Innate Abilities, Weirdness & Mutations

You cannot wear most types of armour.
You are amphibious.
You can wear up to eight rings at the same time.
Your skin changes colour to match your surroundings (Stealth+).
Your rubbery body absorbs attacks. (AC +1, EV +1)
((You are camouflaged when in or above water. (Stealth+)))
You have tentacles for arms and can constrict up to eight enemies at once.
Your spells are much harder to cast, but much more powerful.
You expend magic power (3 MP) to strengthen your wands.


Message History

There is an open translucent gate here.
Your magical contamination has completely faded away.
Casting: Summon Guardian Golem (dangerous; 28% risk of failure)
Confirm with . or Enter, or press ? or * to list all spells.
The orc warlord attacks as it pursues you!
The orc warlord hits you with a +3 broad axe!
The orc warlord hits your wolf with a +3 broad axe!
Your wolf bites the orc warlord. x2
The orc warlord hits you with a +3 broad axe!
The orc warlord hits your wolf with a +3 broad axe!!
The orc warlord hits your guardian golem with a +3 broad axe!!
You hit the orc warlord but do no damage.
You grab the orc warlord. You squeeze the orc warlord.
The orc warlord is heavily wounded.
You constrict the orc warlord.
Your wolf bites the orc warlord but does no damage.
You hit the orc warlord but do no damage.
You squeeze the orc warlord, but do no damage.
The orc warlord is heavily wounded.
You constrict the orc warlord, but do no damage.
Your wolf bites the orc warlord.
Your guardian golem overheats!
The orc warlord hits you with a +3 broad axe!!
* * * LOW HITPOINT WARNING * * *
The orc warlord hits your guardian golem but does no damage.
The orc warlord hits your wolf with a +3 broad axe!
Your wolf dies!
Your wolf's corpse disappears in a puff of smoke!
Your guardian golem disappears in a puff of smoke!
Your guardian golem explodes!
The fiery explosion engulfs the jelly!
The fiery explosion engulfs the orc warlord!!
The jelly is engulfed in blazing flames.
You hit the orc warlord.
Lightning courses through the orc warlord!
You squeeze the orc warlord!
The orc warlord is almost dead.
You constrict the orc warlord, but do no damage.
The orc warlord hits you with a +3 broad axe!!
You die...

♣...~~~.#~...°§....~#
♣...~~~.#~~.8...8.~~#
♣♣..###'###.......## #
♣.##....#~.8...8.~# ..
♣##.....#~~~~~~~~~# ...
##......####~~§####....
#...8......#§§§#......8
#..........J§§§........
#...........§.o@.......
##..8..8...........8..8
##.......#######......
##.....## #.....
##...## #...# #####
####


You could see an orc warlord and a neutral jelly (wandering, sheltered) (fellow
slime).

Vanquished Creatures
  An orc knight (Bailey)
  Eustachio (D:4)
  Edmund (D:5)
  An orc warrior (Bailey)
  A nameless horror (D:6)
  A phantom (D:5)
  A bullfrog (D:5)
  A scorpion (D:5)
  3 hounds
  4 iguanas
  An orc wizard (D:5)
  3 gnolls
  4 river rats
  9 adders
  A white imp (D:7)
  2 ufetubi (D:5)
  A worm (D:4)
  5 dart slugs
  7 orcs
  8 bats
  7 endoplasms
  6 giant cockroaches
  6 hobgoblins
  A jackal (D:4)
  3 quokkas
  6 ball pythons
  5 frilled lizards
  4 goblins
  11 kobolds
  9 rats
114 creatures vanquished.

Vanquished Creatures (collateral kills)
  A hornet (D:7)
  An orc warrior (Bailey)
  2 ogres (D:5)
  A scorpion (D:5)
  A hound (D:5)
  A jelly (D:4)
  A gnoll bouda (D:4)
  Crazy Yiuf (D:5)
  A sleepcap (D:6)
  2 iguanas (D:5)
  2 gnolls (D:4)
  4 adders
  An ufetubus (D:5)
  3 worms
  A dart slug (D:5)
  An orc (D:5)
  4 endoplasms
  A giant cockroach (Sewer)
  A hobgoblin (Bailey)
  7 kobolds
  4 ball pythons
  A frilled lizard (Sewer)
  3 goblins
  3 rats
48 creatures vanquished.

Vanquished Creatures (others)
  A troll (D:6)
  A water moccasin (D:7)
  2 orc warriors (Bailey)
  A black bear (D:5)
  An ice beast (D:6)
  A centaur (D:6)
  A scorpion (D:7)
  3 wights (D:6)
  5 jellies
  A howler monkey (D:6)
  A hound (D:6)
  Ijyb (D:5)
  A sleepcap (D:5)
  A river rat (Sewer)
  An orc (D:6)
  A giant cockroach (Sewer)
  2 goblins (Bailey)
  2 hobgoblins (Bailey)
  2 kobolds (Bailey)
  A ball python (Sewer)
30 creatures vanquished.

Grand Total: 192 creatures vanquished

Notes
Turn   | Place    | Note
-------+----------+-------------------------------------------
     0 | D:1      | croobank the Octopode Monk began the quest for the Orb.
     0 | D:1      | Reached XP level 1. HP: 16/16 MP: 1/1
   230 | D:1      | Reached XP level 2. HP: 21/21 MP: 2/2
   746 | D:1      | Found a faded altar of an unknown god.
   754 | D:1      | Reached XP level 3. HP: 20/26 MP: 3/3
  1563 | D:3      | Learned a level 1 spell: Summon Small Mammal
  1677 | D:3      | Found a glowing silver altar of Zin.
  1711 | D:3      | Reached XP level 4. HP: 32/32 MP: 4/4
  2427 | D:4      | Reached skill level 1 in Spellcasting
  2427 | D:4      | Reached skill level 1 in Summonings
  2427 | D:4      | Reached XP level 5. HP: 34/37 MP: 1/6
  2915 | D:4      | Noticed Eustachio
  2944 | D:4      | Killed Eustachio
  2945 | D:4      | Reached XP level 6. HP: 13/43 MP: 4/9
  3065 | D:4      | Learned a level 2 spell: Call Imp
  3069 | D:4      | Learned a level 3 spell: Call Canine Familiar
  3071 | D:4      | Found a snail-covered altar of Cheibriados.
  4035 | D:5      | Entered Level 5 of the Dungeon
  4084 | D:5      | Noticed Edmund
  4106 | D:5      | Reached XP level 7. HP: 30/49 MP: 2/10
  4121 | D:5      | Killed Edmund
  4224 | D:5      | Found a glowing drain.
  4253 | Sewer    | Entered a sewer
  4711 | Sewer    | Found a viscous altar of Jiyva.
  4725 | Sewer    | Became a worshipper of Jiyva Januce the Shapeless
  4725 | Sewer    | Reached * piety under Jiyva
  4725 | Sewer    | Reached ** piety under Jiyva
  4986 | D:5      | Found a runed translucent door.
  4987 | D:5      | Noticed Crazy Yiuf
  5017 | D:5      | Killed Crazy Yiuf
  5172 | D:5      | Reached XP level 8. HP: 54/54 MP: 6/13
  5213 | D:5      | Reached skill level 5 in Fighting
  5278 | D:5      | Reached skill level 5 in Short Blades
  5278 | D:5      | Reached skill level 5 in Dodging
  5406 | D:5      | Found a staircase to the Ecumenical Temple.
  5475 | D:5      | Noticed Ijyb
  5481 | D:5      | Learned a level 3 spell: Summon Guardian Golem
  5529 | D:5      | Killed Ijyb
  5530 | D:5      | Reached skill level 5 in Summonings
  5906 | D:6      | Noticed a nameless horror
  5910 | D:6      | Killed a nameless horror
  5954 | D:6      | Reached XP level 9. HP: 56/61 MP: 16/16
  6019 | D:6      | Reached skill level 5 in Spellcasting
  6133 | D:6      | Reached *** piety under Jiyva
  6216 | D:6      | Found an opulent altar of Gozag.
  6257 | D:6      | Noticed a troll
  6270 | D:6      | Killed a troll
  6553 | D:6      | Gained mutation: Your spells are a little harder to cast,
                  | but a little more powerful. [Jiyva's grace]
  6553 | D:6      | Gained mutation: Your spells are harder to cast, but more
                  | powerful. [Jiyva's grace]
  6553 | D:6      | Gained mutation: Your spells are much harder to cast, but
                  | much more powerful. [Jiyva's grace]
  6553 | D:6      | Gained mutation: You expend magic power (3 MP) to
                  | strengthen your wands. [Jiyva's grace]
  6554 | D:6      | Found an ornate altar of the Wu Jian Council.
  6747 | D:7      | Noticed a hornet
  6748 | D:7      | Found a flagged portal.
  6764 | D:7      | Killed a hornet
  6777 | Bailey   | Entered a bailey
  6836 | Bailey   | Noticed an orc knight
  6837 | Bailey   | Noticed an orc warlord
  6853 | Bailey   | Killed an orc knight
  6864 | Bailey   | Found the +8 mithril axe "Arga" {speed, Will+}
  6915 | Bailey   | Found a runed translucent gate.
  6916 | Bailey   | Found a runed translucent gate.
  6917 | Bailey   | Found a runed translucent gate.
  6959 | Bailey   | Mangled by an orc warlord

Illustrated notes

Levels and vault maps discovered:
D:1:      doesnt_arrival_eight_statues, layout_loops_corners,
          shapermc_ecumenical_altar_mp_highgroup, chequers_serial_rivers_small_b
D:2:      layout_rooms
D:3:      layout_rooms, mainiacjoe_overflow_alcove_1, hangedman_decor_riveting,
          corexii_hall_statues_s, columned_hall_lemuel, minmay_close_crescents
D:4:      kb_forest_paths, layout_basic, slow_altar_1, uniq_eustachio
D:5:      cheibrodos_barr_body, layout_loops_ring, temple_doors_e,
          portal_sewer_entry_b, nicolae_the_louvre, uniq_ijyb,
          uniq_crazy_yiuf_cottage, uniq_edmund
D:6:      layout_loops_ring, nzn_wu_jian_council_hall,
          mainiacjoe_overflow_alcove_4, minmay_small_thing
D:7:      layout_rooms, enter_bailey_2
Bailey:   bailey_axe_bossmonster_kennysheep, bailey

Skill      XL: |  1  2  3  4  5  6  7  8  9 |
---------------+----------------------------+-----
Spellcasting   | 1 2 3 4 6 |  6.2
Summonings     | 1 2 3 5 6 |  6.8
Fighting       | 4 5 6 |  6.3
Short Blades   | 4 5 6 |  6.2
Dodging        | 4 5 6 |  6.1

Action                     |  1- 3 |  4- 6 |  7- 9 || total
---------------------------+-------+-------+-------++-------
  Melee: Short sword       |    82 |    79 |    68 ||   229
         Constrict         |    20 |    24 |    26 ||    70
         Tentacles         |    16 |    23 |    41 ||    80
         Punch             |     2 |     1 |     3 ||     6
         Dagger            |       |       |    35 ||    35
  Throw: Boomerang         |       |       |     2 ||     2
   Cast: Summon Small Mamm |       |    49 |    39 ||    88
         Call Imp          |       |     7 |    27 ||    34
         Call Canine Famil |       |     7 |    30 ||    37
         Summon Guardian G |       |       |    16 ||    16
 Invoke: Oozemancy         |       |       |     1 ||     1
    Use: Potion            |     1 |     3 |       ||     4
         Scroll            |     8 |     3 |     7 ||    18
   Stab: Sleeping          |     2 |     1 |       ||     3
 Armour: Skin              |    30 |    35 |    58 ||   123
  Dodge: Dodged            |    61 |    49 |   106 ||   216

Table legend: (Time is in decaauts)
 A = Elapsed time spent in this place.
 B = Non-inter-level travel time spent in this place.
 C = Inter-level travel time spent in this place.
 D = Time resting spent in this place.
 E = Time spent auto-exploring this place.
 F = Levels seen in this place.
 G = Mean time per level.
                   A        B        C        D        E       F      G
               +--------+--------+--------+--------+--------+-----+--------+
         Total |   6907 |   6704 |    203 |    673 |   4347 |   9 |  767.4 |
       Dungeon |   6163 |   5960 |    203 |    585 |   4067 |   7 |  880.4 |
         Sewer |    560 |    560 |      0 |     73 |    279 |   1 |  560.0 |
        Bailey |    183 |    183 |      0 |     15 |      1 |   1 |  183.0 |
               +--------+--------+--------+--------+--------+-----+--------+

Top non-repeatable levels by time:
     D:4: 1660 daAuts
     D:5: 1253 daAuts
     D:1: 994 daAuts
     D:6: 814 daAuts
     D:3: 810 daAuts
   Sewer: 560 daAuts
     D:2: 540 daAuts
  Bailey: 183 daAuts
     D:7: 89 daAuts
